 Dungeon Crawl Stone Soup version 0.31-a0-819-gf6de2f5ab6 (webtiles) character file.

Game seed: 11540797021045101642

1001 Danienth the Covert (level 8, -12/35 (37) HPs)
             Began as a Felid Shapeshifter on Sept 25, 2023.
             Was a Follower of Dithmenos.
             Mangled by a wight
             ... wielding a +4 great sword
              (23 damage)
             ... on level 6 of the Dungeon.
             The game lasted 00:18:22 (5386 turns).

Danienth the Covert (Felid Shapeshifter)            Turns: 5386, Time: 00:18:23

HP:   -12/35 (37)   AC:  2    Str: 12    XL:     8   Next: 0%
MP:   9/9           EV: 18    Int: 12    God:    Dithmenos [*.....]
Gold: 205           SH:  0    Dex: 15    Spells: 6/7 levels left
                                        Lives: 0   Deaths: 3

rFire   . .          .
                       - Unarmed
rCold   . . .        (shield unavailable)
rNeg    . . .        (body armour unavailable)
rPois   .            (helmet unavailable)
rElec   .            (cloak unavailable)
rCorr   .            (gloves unavailable)
SInv    +            (boots unavailable)
Will    +....        (no amulet)
Stlth   +++++        (no ring)
HPRegen 0.25/turn    (no ring)
MPRegen 0.11/turn

%: no passive effects
@: beast-form, wreathed by umbra, drained, quick
A: beast (slay +1), very small, claws 1, fangs 3, see invisible, speed 1, shaggy
fur 2, stealthy paws, no weapons or thrown items, no armour, multi-lived
a: Begin Untransformation, Renounce Religion


You were on level 6 of the Dungeon.
You worshipped Dithmenos.
Dithmenos was aware of your devotion.
You were a hulking beast.
You visited 1 branch of the dungeon, and saw 6 of its levels.

You collected 205 gold pieces.

Inventory:

Talismans
 b - a beast talisman (active)
 c - a flux talisman
Wands
 f - a wand of flame (20)
 h - a wand of roots (24)
 q - a wand of acid (8)
Scrolls
 i - 5 scrolls of teleportation
 l - a scroll of enchant armour
 m - a scroll of blinking
Potions
 a - 2 potions of lignification
 e - a potion of enlightenment
 j - a potion of haste
 n - a potion of mutation
 p - a potion of degeneration
Miscellaneous
 o - a condenser vane


   Skills:
 * Level 5.4 Fighting
 - Level 3.8 Dodging
 - Level 9.6 Stealth
 - Level 3.6 Unarmed Combat
 - Level 3.2 Shapeshifting


You had 6 spell levels left.
You knew the following spells:

 Your Spells              Type           Power      Damage    Failure   Level
a - Freeze                Ice            0%         1d3       32%         1

Your spell library contained the following spells:

 Spells                   Type           Power      Damage    Failure   Level
 Lesser Beckoning         Tloc           0%         N/A       45%         2
 Poisonous Vapours        Pois/Air       0%         N/A       45%         2
 Frozen Ramparts          Ice            0%         1d1       69%         3
 Gell's Gravitas          Tloc           0%         N/A       69%         3
 Hailstorm                Conj/Ice       0%         3d3       69%         3
 Mephitic Cloud           Conj/Pois/Air  0%         N/A       69%         3
 Teleport Other           Tloc           0%         N/A       69%         3
 Freezing Cloud           Conj/Ice/Air   0%         6-21      100%        5
 Dispersal                Tloc           0%         N/A       100%        6


Dungeon Overview and Level Annotations

Branches:
Dungeon (6/15)             Temple (0/1) D:5

Altars:
Ashenzari
Dithmenos


Innate Abilities, Weirdness & Mutations

You are a hulking beast.
Your limbs bulge with bestial killing power. (Slay +1)
You have sharp claws.
You have razor-sharp teeth.
You have supernaturally acute eyesight. (SInv)
You cover ground quickly. (Speed+)
You are covered in thick fur. (AC +2)
Your paws help you pounce on unaware monsters.
You are incapable of wielding weapons or throwing items.
You cannot wear armour.
You gain extra lives every three experience levels.


Message History

Press: ? - help, Dir - move target, f - wight
Aim: a wight, wielding a +4 great sword and wearing a +0 robe (umbra, about 32% to evade your paws)
The hound barks!
You claw the wight!
The wight is heavily damaged.
The wight hits you with a +4 great sword!
* * * LOW HITPOINT WARNING * * *
Attack: -) Teeth and claws
Press: ? - help, Dir - move target, f/p - wight
Aim: a wight, wielding a +4 great sword and wearing a +0 robe (moderately damaged, umbra, about 32% to evade your paws)
You scratch the wight but do no damage.
The wight is moderately damaged.
The wight closely misses you.
Attack: -) Teeth and claws
Press: ? - help, Dir - move target, f/p - wight
Aim: a wight, wielding a +4 great sword and wearing a +0 robe (moderately damaged, umbra, about 33% to evade your paws)
You scratch the wight. Your bite misses the wight.
The wight is heavily damaged.
The wight closely misses you.
Attack: -) Teeth and claws
Press: ? - help, Dir - move target, f/p - wight
Aim: a wight, wielding a +4 great sword and wearing a +0 robe (heavily damaged, umbra, about 32% to evade your paws)
You scratch the wight.
The wight is severely damaged.
The wight closely misses you.
Attack: -) Teeth and claws
Press: ? - help, Dir - move target, f/p - wight
Aim: a wight, wielding a +4 great sword and wearing a +0 robe (severely damaged, umbra, about 32% to evade your paws)
You closely miss the wight.
The wight is severely damaged.
The hound misses you. The wight misses you. The hound completely misses you.
Attack: -) Teeth and claws
Press: ? - help, Dir - move target, f/p - wight
Aim: a wight, wielding a +4 great sword and wearing a +0 robe (severely damaged, umbra, about 32% to evade your paws)
You scratch the wight. You claw the wight.
The wight is almost destroyed.
The hound misses you.
The wight hits you with a +4 great sword!!
Ouch! That really hurt!
You die...

########.# #......#.#
#......#.###############
'....!.'...........>....
#<...[.#..######........
#.........######........
#.......................
#.....h.................
#.....zh................
#.......................
#######..#######........
#..# #........ #..#
####'####
#..##########.#
#.............# #
##........###.# #
............#


You could see a hound and a wight.

Vanquished Creatures
  A centaur (D:6)
  An ogre (D:2)
  2 phantoms (D:5)
  A bullfrog (D:6)
  3 wights (D:6)
  A howler monkey (D:5)
  An orc priest (D:5)
  2 hounds
  3 sleepcaps
  An iguana (D:5)
  Robin (D:2)
  4 gnolls
  8 adders
  A shadow imp (D:6)
  2 worms (D:2)
  3 dart slugs
  6 orcs
  5 ball pythons
  5 bats
  8 endoplasms
  2 giant cockroaches
  17 goblins
  3 hobgoblins
  3 jackals
  3 quokkas
  6 frilled lizards
  10 kobolds
  5 rats (D:1)
108 creatures vanquished.

Notes
Turn   | Place    | Note
-------+----------+-------------------------------------------
     0 | D:1      | Danienth the Felid Shapeshifter began the quest for the
                  | Orb.
     0 | D:1      | Reached XP level 1. HP: 9/9 MP: 2/2
    66 | D:1      | Reached skill level 1 in Stealth
   169 | D:1      | Reached skill level 2 in Stealth
   179 | D:1      | Reached XP level 2. HP: 10/12 MP: 3/3
   223 | D:1      | Reached skill level 3 in Stealth
   531 | D:1      | Reached skill level 4 in Stealth
   581 | D:1      | Reached XP level 3. HP: 15/15 MP: 4/4
  1178 | D:2      | Noticed Robin
  1192 | D:2      | Succumbed to a goblin's poison
  1209 | D:2      | Reached skill level 5 in Stealth
  1212 | D:2      | Killed Robin
  1401 | D:2      | Reached XP level 4. HP: 19/19 MP: 5/5
  1420 | D:2      | Learned a level 1 spell: Freeze
  1651 | D:2      | Reached skill level 6 in Stealth
  2005 | D:2      | Noticed an ogre
  2010 | D:2      | Killed an ogre
  2011 | D:2      | Reached skill level 7 in Stealth
  2011 | D:2      | Reached XP level 5. HP: 22/22 MP: 6/6
  2239 | D:3      | Found a shadowy altar of Dithmenos.
  2245 | D:3      | Became a worshipper of Dithmenos the Shadowed
  2325 | D:3      | Reached skill level 8 in Stealth
  2486 | D:3      | Identified the +2 broad axe "Eqot" {protect, *Noise rN++
                  | Will+ Stlth+}
  2673 | D:4      | Gained mutation: You are covered in thick fur. (AC +2)
                  | [Felid growth]
  2673 | D:4      | Reached XP level 6. HP: 24/25 MP: 7/7
  3021 | D:5      | Entered Level 5 of the Dungeon
  3057 | D:5      | Found a broken altar of Ashenzari.
  3066 | D:5      | Found a staircase to the Ecumenical Temple.
  3213 | D:5      | Reached skill level 9 in Stealth
  3610 | D:5      | Reached XP level 7. HP: 3/29 MP: 8/8
  4052 | D:5      | Reached * piety under Dithmenos
  4600 | D:6      | Slain by a sleepcap
  5132 | D:6      | Mangled by a wight
  5148 | D:6      | Reached skill level 5 in Fighting
  5363 | D:6      | Reached XP level 8. HP: 37/37 MP: 9/9
  5386 | D:6      | Mangled by a wight

Illustrated notes

Levels and vault maps discovered:
D:1:      sevenhm_arrival_forest_fort_small_5, layout_loops_corners
D:2:      layout_basic, uniq_robin
D:3:      layout_rooms, mainiacjoe_overflow_alcove_1,
          chequers_serial_rivers_room_b, grunt_decor_one_mirror
D:4:      layout_basic, mainiacjoe_overflow_brackets, minmay_checkerbox,
          uniq_menkaure
D:5:      layout_gridville, evilmike_ruin_ashenzari, temple_statues,
          minivault_24, minmay_misc_feat_five
D:6:      layout_basic, marbit_many_paths, serial_shops,
          nicolae_shop_tiny_statue_garden

Skill      XL: |  1  2  3  4  5  6  7 |
---------------+----------------------+-----
Stealth        | 2 4 5 7 8 9 |  9.6
Dodging        | 3 |  3.8
Fighting       | 5 |  5.4
Unarmed Combat | |  3.6
Shapeshifting  | |  3.2

Action                     |  1- 3 |  4- 6 |  7- 9 || total
---------------------------+-------+-------+-------++-------
  Melee: Unarmed           |    98 |   144 |   111 ||   353
         Punch             |     3 |     1 |     9 ||    13
         Bite              |     2 |    14 |    13 ||    29
    Use: Scroll            |     6 |     1 |     9 ||    16
         Potion            |     3 |     1 |     1 ||     5
   Stab: Sleeping          |     9 |    10 |     5 ||    24
         Distracted        |     1 |       |       ||     1
 Armour: Skin              |    18 |    35 |    34 ||    87
  Dodge: Dodged            |    47 |    81 |    75 ||   203

Table legend: (Time is in decaauts)
 A = Elapsed time spent in this place.
 B = Non-inter-level travel time spent in this place.
 C = Inter-level travel time spent in this place.
 D = Time resting spent in this place.
 E = Time spent auto-exploring this place.
 F = Levels seen in this place.
 G = Mean time per level.
                   A        B        C        D        E       F      G
               +--------+--------+--------+--------+--------+-----+--------+
         Total |   4783 |   4579 |    204 |   1636 |   2102 |   6 |  797.2 |
       Dungeon |   4783 |   4579 |    204 |   1636 |   2102 |   6 |  797.2 |
               +--------+--------+--------+--------+--------+-----+--------+

Top non-repeatable levels by time:
     D:5: 1704 daAuts
     D:2: 990 daAuts
     D:1: 901 daAuts
     D:3: 444 daAuts
     D:6: 443 daAuts
     D:4: 298 daAuts
